 Dungeon Crawl Stone Soup version 0.31.0-32-g396128a36d (webtiles) character file.

Game seed: 15861836786937475498

17 ChadusMaximus the Caller (level 2, 0/19 HPs)
             Began as a Barachi Summoner on Mar 9, 2024.
             Slain by a rat (3 damage)
             ... on level 2 of the Dungeon.
             The game lasted 00:01:02 (780 turns).

ChadusMaximus the Caller (Barachi Summoner)          Turns: 780, Time: 00:01:03

Health: 0/19       AC:  2    Str:  9    XL:     2   Next: 62%
Magic:  11/14      EV: 12    Int: 15    God:
Gold:   88         SH:  0    Dex: 12    Spells: 5/6 levels left

rFire   . . .        e - +0 sling
rCold   . . .        (no shield)
rNeg    . . .        a - +0 robe
rPois   .            (no helmet)
rElec   .            (no cloak)
rCorr   .            (no gloves)
SInv    .            (no boots)
Will    +....        (no amulet)
Stlth   ++           j - ring of willpower
HPRegen 0.23/turn    k - ring of magical power
MPRegen 0.14/turn

%: no passive effects
@: unable to hop, slow
A: amphibious, slowness 1, strong legs 1, +LOS
a: Hop


You were on level 2 of the Dungeon.
You visited 1 branch of the dungeon, and saw 2 of its levels.

You collected 88 gold pieces.

Inventory:

Hand Weapons
 e - a +0 sling (weapon)
Armour
 a - a +0 robe (worn)
Jewellery
 j - a ring of willpower (left hand)
 k - a ring of magical power (right hand)
Scrolls
 d - a scroll of vulnerability {unknown}
 f - a scroll of identify {unknown}
 g - a scroll of enchant weapon {unknown}
 h - a scroll of teleportation {unknown}
Potions
 b - a potion of magic
 c - a potion of curing {unknown}
 i - a potion of haste {unknown}
 l - a potion of brilliance {unknown}


   Skills:
 - Level 2.1 Dodging
 - Level 1.7 Stealth
 + Level 2.5 Spellcasting
 * Level 5.4 Summonings


You had 5 spell levels left.
You knew the following spells:

 Your Spells              Type           Power      Damage    Failure   Level
a - Summon Small Mammal   Summ           72%        N/A       2%          1

Your spell library contained the following spells:

 Spells                   Type           Power      Damage    Failure   Level
 Call Imp                 Summ           36%        N/A       3%          2
 Call Canine Familiar     Summ           18%        N/A       7%          3
 Summon Blazeheart Golem  Fire/Summ      10%        N/A       56%         4
 Summon Lightning Spire   Summ/Air       10%        N/A       56%         4


Dungeon Overview and Level Annotations

Branches:
Dungeon (2/15)

Altars:


Innate Abilities, Weirdness & Mutations

You are amphibious.
You cover ground slowly.
You can hop short distances.
You have an extended range of vision and can be seen from far away.


Message History

Confirm with . or Enter, or press ? or * to list all spells.
The bat hits you but does no damage.
You swap places.
Your quokka barely misses the bat.
The ball python closely misses your quokka.
The ball python completely misses your quokka.
Your quokka bites the ball python.
Your quokka misses the bat.
Unknown command.
The ball python bites your quokka but does no damage.
The ball python barely misses your quokka.
The jackal barely misses your quokka.
Your quokka bites the ball python.
The ball python dies!
Your quokka bites the kobold.
The bat barely misses your quokka. The bat hits your quokka.
Your quokka closely misses the bat.
The kobold hits your quokka with a +0 dagger.
The jackal closely misses your quokka. The bat closely misses your quokka.
The bat barely misses your quokka.
Your quokka misses the bat.
Your quokka barely misses the bat.
The bat hits your quokka.
Your quokka dies!
Your quokka's corpse disappears in a puff of smoke!
Unknown command.
Your quokka closely misses the kobold.
Casting: Summon Small Mammal (safe; 2% risk of failure)
Confirm with . or Enter, or press ? or * to list all spells.
Your quokka barely misses the jackal.
The kobold hits you with a +0 dagger.
* * * LOW HITPOINT WARNING * * *
The rat closely misses you.
Your quokka barely misses the bat.
The bat barely misses your quokka. The rat closely misses you.
Your quokka barely misses the bat.
Your rat bites the rat.
The bat hits your quokka but does no damage.
Casting: Summon Small Mammal (safe; 2% risk of failure)
Confirm with . or Enter, or press ? or * to list all spells.
Nothing appears to happen.
Your quokka closely misses the bat.
The kobold hits you with a +0 dagger.
* * * LOW HITPOINT WARNING * * *
A stream of webbing appears from out of your range of vision.
The stream of webbing misses your quokka.
The rat bites you.
You die...

## #. ###.# .# .
...rh....####.
#. #.#h##.......
#.###.<.........
........# ....
###.##...# ...
....?...# #r#
#####.#...h###r#
.........rbhKK@#
#.......#####.
#...............
#....#.#.####.##
#..<ยง#.#...
#.#.K......#
#............
#.#..#........
#.#..#.........


You could see 2 jackals, a bat (ally target), 2 kobolds, a rat (ally target), a
friendly quokka (summoned) and a friendly rat (summoned).

Vanquished Creatures
  A bat (D:1)
  3 endoplasms (D:1)
  A giant cockroach (D:1)
  2 goblins (D:1)
  2 ball pythons (D:1)
  4 frilled lizards
  A kobold (D:1)
  2 rats (D:1)
16 creatures vanquished.

Vanquished Creatures (collateral kills)
  A ball python (D:2)
1 creature vanquished.

Grand Total: 17 creatures vanquished

Notes
Turn   | Place    | Note
-------+----------+-------------------------------------------
     0 | D:1      | ChadusMaximus the Barachi Summoner began the quest for the
                  | Orb.
     0 | D:1      | Reached XP level 1. HP: 13/13 MP: 3/3
    74 | D:1      | Reached skill level 5 in Summonings
   121 | D:1      | Reached XP level 2. HP: 15/19 MP: 5/5
   780 | D:2      | Slain by a rat

Illustrated notes

Levels and vault maps discovered:
D:1:      dpeg_arrival_lava_temple_mockup, layout_basic
D:2:      layout_basic, skrybe_limestone_x, uniq_robin

Skill      XL: |  1 |
---------------+----+-----
Summonings     | 5 |  5.4
Dodging        | |  2.1
Stealth        | |  1.7
Spellcasting   | |  2.5

Action                     || total
---------------------------++-------
   Fire: Sling             ||    76
   Cast: Summon Small Mamm ||     5
Ability: Hop               ||     1
 Armour: Robe              ||    41
  Dodge: Dodged            ||    54
